 Dungeon Crawl Stone Soup version 0.31.0-9-g3a7656b989 (webtiles) character file.

Game seed: 14035007505459489913

99 qw the Shooter (level 4, -4/25 HPs)
             Began as a Deep Elf Hunter on Feb 2, 2024.
             Slain by a ribbon worm (6 damage)
             ... on level 2 of the Dungeon.
             The game lasted 00:00:03 (1061 turns).

qw the Shooter (Deep Elf Hunter)                    Turns: 1061, Time: 00:00:04

Health: -4/25      AC:  4    Str: 10    XL:     4   Next: 45%
Magic:  6/6        EV: 12    Int: 14    God:
Gold:   81         SH:  0    Dex: 18    Spells: 3/3 levels left

rFire   . . .        d - +0 arbalest
rCold   . . .        (shield currently unavailable)
rNeg    . . .        c - +0 leather armour
rPois   .            (no helmet)
rElec   .            h - +0 cloak
rCorr   .            (no gloves)
SInv    .            (no boots)
Will    .....        (no amulet)
Stlth   ++           (no ring)
HPRegen 0.24/turn    (no ring)
MPRegen 0.10/turn

%: no passive effects
@: no status effects
A: no striking features
a: no special abilities


You were on level 2 of the Dungeon.
You visited 1 branch of the dungeon, and saw 2 of its levels.

You collected 81 gold pieces.


   Skills:
 - Level 1.5 Fighting
 + Level 7.9 Ranged Weapons
 - Level 2.4 Dodging
 - Level 1.2 Stealth


You had 3 spell levels left.
You didn't know any spells.
Your spell library was empty.

Inventory:

Hand Weapons
 d - a +0 arbalest (weapon)
Armour
 c - a +0 leather armour (worn)
 h - a +0 cloak (worn)
Scrolls
 a - a scroll of revelation {unknown}
Potions
 k - a potion of invisibility {unknown}
 l - a potion of berserk rage {unknown}

Dungeon Overview and Level Annotations

Branches:
Dungeon (2/15)

Altars:

Shops:
D:1 !


Message History

You see here a +0 whip.
Things that are here:
a +0 dagger; a goblin corpse
Found a stone staircase leading down.
A rat comes into view.
You shoot a bolt. The bolt hits the rat!!
You kill the rat!
Found a sling.
An adder comes into view.
Found 5 gold pieces.
You shoot a bolt. The bolt hits the adder!
You kill the adder!
There is a stone staircase leading down here.
A kobold comes into view. It is wielding a +0 dagger.
You shoot a bolt. The bolt hits the kobold!
You kill the kobold!
You now have 73 gold pieces (gained 5).
You now have 81 gold pieces (gained 8).
A dart slug comes into view.
You shoot a bolt. The bolt hits the dart slug!
You kill the dart slug!
A ribbon worm comes into view.
You shoot a bolt. The bolt hits the ribbon worm.
The ribbon worm is lightly wounded.
You shoot a bolt. The bolt barely misses the ribbon worm.
The ribbon worm bites you. x2
You shoot a bolt. The bolt barely misses the ribbon worm.
The ribbon worm bites you.
You shoot a bolt. The bolt hits the ribbon worm!
The ribbon worm is moderately wounded.
The ribbon worm expels a string of sticky webbing.
The stream of webbing hits you but does no damage.
You are caught in a web!
You struggle to detach yourself from the web.
The ribbon worm bites you.
You struggle to detach yourself from the web.
The ribbon worm bites you!
The web tears apart.
The ribbon worm bites you.
You die...

####.#####.########......#
#.# ###.##.....#.#.##.###
#. #...#..........##...#
.. #.##.........######..
#.##.........########
#...................#
####.........######..
#.........# ###
#@........# # #w........#
# ..........# #
...........# ##
............# #.
............## #..
#...........## #.#
##.#######... #.# ...


You could see a ribbon worm.

Vanquished Creatures
  4 gnolls (D:2)
  2 adders (D:2)
  A dart slug (D:2)
  A ball python (D:1)
  3 endoplasms
  A giant cockroach (D:1)
  8 goblins
  A hobgoblin (D:1)
  2 jackals (D:1)
  4 kobolds
  2 quokkas (D:1)
  3 bats
  2 frilled lizards
  6 rats
40 creatures vanquished.

Notes
Turn   | Place    | Note
-------+----------+-------------------------------------------
     0 | D:1      | qw the Deep Elf Hunter began the quest for the Orb.
     0 | D:1      | Reached XP level 1. HP: 12/12 MP: 3/3
     0 | D:1      | 0 ||| qw: Version: 0.3-a-155-g5e7d8dd
     0 | D:1      | 0 ||| qw: Game counter: 1839
     0 | D:1      | 0 ||| qw: Melee chars always use a shield: true
     0 | D:1      | 0 ||| qw: God list: Okawaru
     0 | D:1      | 0 ||| qw: Allow faded altars: false
     0 | D:1      | 0 ||| qw: Do Orc after clearing Dungeon:15 true
     0 | D:1      | 0 ||| qw: Do second Lair branch before Depths: true
     0 | D:1      | 0 ||| qw: Lair rune preference: random
     0 | D:1      | 0 ||| qw: Goals: Normal
     0 | D:1      | 0 ||| PLANNING D:1-11
    26 | D:1      | 26 ||| SWAPPING to +0 arbalest.
    27 | D:1      | 27 ||| DROPPING +0 shortbow.
    82 | D:1      | Reached XP level 2. HP: 16/16 MP: 4/4
    83 | D:1      | Reached skill level 6 in Ranged Weapons
   268 | D:1      | Found Ulekk's Distillery.
   278 | D:1      | 278 ||| SHOPLISTING potion of curing (33 gold, have 26).
   278 | D:1      | 278 ||| SHOPLISTING potion of heal wounds (55 gold, have
                  | 26).
   278 | D:1      | 278 ||| SHOPLISTING potion of mutation (88 gold, have 26).
   278 | D:1      | 278 ||| SHOPLISTING potion of resistance (110 gold, have
                  | 26).
   561 | D:1      | Reached XP level 3. HP: 20/20 MP: 5/5
   641 | D:1      | 641 ||| UPGRADING to +0 cloak.
   646 | D:1      | 646 ||| READING scroll labelled METZUO OJOPHI.
   647 | D:1      | 647 ||| READING scroll labelled EGUEPR KIACKUO.
   647 | D:1      | 647 ||| IDENTIFYING silvery potion
   648 | D:1      | 648 ||| READING scroll labelled OHOUMO CIOF.
   749 | D:1      | 749 ||| READING scroll labelled VIUR RIANIRYTA.
   785 | D:1      | 785 ||| READING scroll labelled ROS TOPPYXT.
   786 | D:1      | 786 ||| DROPPING scroll of butterflies.
   787 | D:1      | 787 ||| DROPPING potion of attraction.
   978 | D:2      | Reached skill level 7 in Ranged Weapons
   987 | D:2      | Reached XP level 4. HP: 25/25 MP: 6/6
  1060 | D:2      | HP: 2/25 [ribbon worm (8)]
  1061 | D:2      | Slain by a ribbon worm

Levels and vault maps discovered:
D:1:      co_arrival_square_in_a_square_in_a_square, layout_basic, serial_shops,
          shop, hangedman_decor_clover_reticule, minmay_misc_feat_room
D:2:      layout_rooms

Skill      XL: |  1  2  3 |
---------------+----------+-----
Ranged Weapons | 6 7 |  7.9
Fighting       | |  1.5
Dodging        | |  2.4
Stealth        | |  1.2

Action                     |  1- 3 |  4- 6 || total
---------------------------+-------+-------++-------
   Fire: Arbalest          |    69 |    10 ||    79
    Use: Scroll            |     5 |       ||     5
 Armour: Leather armour    |    17 |     6 ||    23
  Dodge: Dodged            |    23 |       ||    23

Table legend:
 A = Non-vault XP
 B = Vault XP
 C = Vault XP percentage of total XP
 D = Non-vault monster count
 E = Vault monster count
 F = Vault count percentage of total count
                 A         B        C        D         E       F
            +---------+---------+-------+---------+---------+-------
      Total |     142 |       0 |   0.0 |      40 |       0 |   0.0
            +---------+---------+-------+---------+---------+-------
        D:1 |      42 |       0 |   0.0 |      24 |       0 |   0.0
        D:2 |     100 |       0 |   0.0 |      16 |       0 |   0.0
            +---------+---------+-------+---------+---------+-------
